 Dungeon Crawl Stone Soup version 0.29.1-15-g9cfb28693d (webtiles) character file.

Game seed: 17510659338517883843

1924737 RitorJet the Axe Maniac (level 26, 234/234 HPs)
             Began as a Minotaur Fighter on Apr 4, 2023.
             Was a High Priest of Trog.
             Escaped with the Orb
             ... and 3 runes!
             The game lasted 03:01:49 (53708 turns).

RitorJet the Axe Maniac (Minotaur Fighter)         Turns: 53708, Time: 03:01:49

Health: 234/234    AC: 44    Str: 29    XL:     26   Next: 93%
Magic:  31/31      EV: 30    Int:  5    God:    Trog [*****.]
Gold:   4970       SH: 22    Dex: 25    Spells: 25/25 levels left

rFire   + + .      SeeInvis .   H - +8 war axe (vamp)
rCold   + + +      Faith    .   Z - +5 kite shield {reflect}
rNeg    . . .      Spirit   +   t - +1 gold dragon scales
rPois   +          Reflect  +   (helmet unavailable)
rElec   .          Harm     .   s - +4 dragonskin cloak
rCorr   +          Rampage  .   r - +1 pair of gloves "Dysmote" {rF+ Int+2}
Will    +....                   Q - +2 pair of boots of Gukeat {rC+ rCorr MP+9 Dex+3}
Stlth   ..........              M - amulet of guardian spirit
HPRegen 0.49/turn               n - ring of the Tortoise {AC+8}
MPRegen 0.22/turn               x - ring of the Hare {EV+8}

@: studying Short Blades
A: horns 3, retaliatory headbutt, iridescent scales 1, thin skeletal structure
1, agile 1, cold resistance 1, deformed body, deterioration 1, frail 1,
screaming 1, inhibited regeneration, strong 1
0: Orb of Zot
}: 3/15 runes: decaying, silver, gossamer
a: Renounce Religion, Berserk, Trog's Hand, Brothers in Arms


You escaped.
You worshipped Trog.
Trog was extremely pleased with you.
You visited 9 branches of the dungeon, and saw 47 of its levels.
You visited the Abyss 1 time.
You visited 1 bazaar.
You visited 1 ziggurat, and saw 8 of its levels.
You also visited: Bailey, Gauntlet and Ice Cave.

You collected 7817 gold pieces.
You spent 2847 gold pieces at shops.

Inventory:

Hand Weapons
 H - a +8 vampiric war axe (weapon)
 P - a +6 broad axe of freezing
Armour
 c - the +7 chain mail of Inquiry {rF+ rC+ Regen+}
   (You found it on level 15 of the Dungeon)

   rF:        It protects you from fire.
   rC:        It protects you from cold.
   Regen:     It increases your rate of health regeneration.
 p - the +2 pair of boots of Contumacious Freedom {rF+ rN+ Regen+ Str-5}
   (You bought it in a shop in a bazaar)

   Str:       It affects your strength (-5).
   rF:        It protects you from fire.
   rN:        It protects you from negative energy.
   Regen:     It increases your rate of health regeneration.
 r - the +1 pair of gloves "Dysmote" (worn) {rF+ Int+2}
   (You acquired it on level 1 of the Realm of Zot)

   Int:       It affects your intelligence (+2).
   rF:        It protects you from fire.
 s - the +4 dragonskin cloak (worn)
   (You took it off Tiamat on level 2 of the Realm of Zot)

   It grants the wearer a chance to resist fire, cold, poison, electricity,
   acid, and negative energy.
 t - +1 gold dragon scales (worn)
 D - a +2 hat of stealth
 O - a +2 cloak of willpower
 Q - the +2 pair of boots of Gukeat (worn) {rC+ rCorr MP+9 Dex+3}
   (You bought it in a shop on level 4 of the Dungeon)

   Dex:       It affects your dexterity (+3).
   rC:        It protects you from cold.
   MP:        It affects your magic capacity (+9).
   rCorr:     It protects you from acid and corrosion.
 X - a scarf of repulsion
 Y - the +10 plate armour of Reasonable Birdsong {rElec rPois rF- Dex+4}
   (You took it off a deep elf high priest on level 3 of the Elven Halls)

   Dex:       It affects your dexterity (+4).
   rF:        It makes you vulnerable to fire.
   rElec:     It insulates you from electricity.
   rPois:     It protects you from poison.
 Z - a +5 kite shield of reflection (worn)
Jewellery
 a - a +6 ring of dexterity
 e - the ring "Dumudgh" {rElec Dex+6}
   (You found it on level 3 of the Depths)

   [ring of dexterity]

   Dex:       It affects your dexterity (+6).
   rElec:     It insulates you from electricity.
 i - a +4 ring of protection
 n - the ring of the Tortoise (left hand) {AC+8}
   (You acquired it on level 7 of the Dungeon)

   [ring of protection]

   AC:        It affects your AC (+8).
 x - the ring of the Hare (right hand) {EV+8}
   (You took it off a fire giant on level 5 of the Vaults)

   [ring of evasion]

   EV:        It affects your evasion (+8).
 M - an amulet of guardian spirit (around neck)
 V - the ring "Kysumnan" {rPois Int+7 Slay+4}
   (You acquired it on level 4 of the Lair of Beasts)

   [ring of slaying]

   Int:       It affects your intelligence (+7).
   Slay:      It affects your accuracy & damage with ranged weapons and melee
   (+4).
   rPois:     It protects you from poison.
Wands
 b - a wand of digging (2)
 u - a wand of charming (4)
 w - a wand of quicksilver (18)
 A - a wand of flame (24)
 G - a wand of roots (46)
 S - a wand of mindburst (26)
Scrolls
 h - 14 scrolls of immolation
 j - 11 scrolls of butterflies
 m - 3 scrolls of poison
 o - a scroll of blinking
 v - 2 scrolls of silence
 E - 13 scrolls of fear
 F - 9 scrolls of teleportation
 I - 6 scrolls of summoning
 T - 5 scrolls of magic mapping
Potions
 d - 11 potions of might
 f - 8 potions of resistance
 g - 8 potions of haste
 k - 7 potions of cancellation
 l - 3 potions of heal wounds
 z - 9 potions of invisibility
 B - 8 potions of flight
 C - 21 potions of curing
 L - a potion of magic
 N - 5 potions of berserk rage
Miscellaneous
 y - a phantom mirror
 K - a phantom mirror
 U - a phantom mirror


   Skills:
 - Level 26.1 Fighting
 O Level 27 Axes
 + Level 25.4 Armour
 + Level 21.8 Dodging
 - Level 12.8 Stealth
 + Level 20.1 Shields
 - Level 0.2 Spellcasting
 + Level 9.0 Evocations


You had 25 spell levels left.
You didn't know any spells.
Your spell library contained the following spells:

 Spells                   Type           Power      Damage    Failure   Level
 Freeze                   Ice            0%         1d3       99%         1
 Frozen Ramparts          Ice            0%         1d1       100%        3
 Hailstorm                Conj/Ice       0%         3d3       100%        4


Dungeon Overview and Level Annotations

Branches:
Dungeon (15/15)            Temple (0/1) D:5            Lair (5/5) D:10
  Swamp (4/4) Lair:3       Spider (4/4) Lair:3        Slime (0/5) Lair:5
    Orc (2/2) D:9             Elf (3/3) Orc:2        Vaults (5/5) D:13
  Crypt (0/3) Vaults:2     Depths (4/4) D:15            Zot (5/5) Depths:4
 Bailey (visited)           IceCv (visited)         Gauntlet (visited)

Altars:
Dithmenos
Elyvilon
Fedhas
Hepliaklqana
Kikubaaqudgha
Makhleb
Nemelex Xobeh
Okawaru
Sif Muna
Trog
Uskayaw
Vehumet
Wu Jian
Xom
Yredelemnul
Jiyva

Shops:
D:4 [:*[   Orc:2 (?**   Elf:1 (   Vaults:1 !:=   Vaults:5 *   Depths:2 [
Depths:3 (:

Portals:
Hell: Depths:1 Depths:2 Depths:3 Depths:4
Abyss: Depths:3 Depths:4
Pandemonium: Depths:1 Depths:2
Trove: D:15 (give horn of Geryon)

Annotations:
Elf:1 1 runed translucent door


Innate Abilities, Weirdness & Mutations

You have a pair of large horns on your head.
You reflexively headbutt those who attack you in melee.
You are partially covered in iridescent scales. (AC +2)
You have a somewhat thin skeletal structure. (Dex +2, Stealth+)
You are agile. (Dex +4, Str/Int -1)
Your flesh is cold resistant. (rC+)
Armour fits poorly on your strangely shaped body.
Your body sometimes deteriorates upon taking damage.
You are frail. (-10% HP)
You occasionally shout uncontrollably at your foes.
You do not regenerate when monsters are visible.
Your muscles are strong. (Str +4, Int/Dex -1)


Message History

You kill the tormentor!
Trog accepts your kill.
You slash something! Something barely misses you.
Your life force feels restored.
You hit something. You headbutt something. You slash something!
You headbutt something!! Trog accepts your kill.
Reactivating autopickup.
You feel a bit more experienced. You block the red devil's attack.
Your Evocations skill increases to level 9!
You block the red devil's attack.
A lich comes into view.
The lich shouts!
You slice the red devil!! You headbutt the red devil!
You kill the red devil!
Trog accepts your kill.
The lich mumbles some strange words.
The lich seems to speed up.
There is a stone staircase leading up here.
You climb upwards.
There is a stone staircase leading down here.
You see here a +0 dagger.
A large abomination comes into view.
You can't go up here!
There is a stone staircase leading up here.
You climb upwards.
There is a stone staircase leading down here.
You open the door.
There is an open door here.
There is an open door here.
HP restored.
There is an open door here.
Magic restored.
There is a staircase leading out of the dungeon here.
Unknown command.
Unknown command.
Unknown command.
Char dumped successfully.
Unknown command.
You have escaped!

.......# #......#......(.........
.....#.###########.###...........
.....#..#########..#.............
.........##......................
####.....##.##.....#.............
# #.....##.##.######............
# ####'###..8.....8.............
# ###.###..#.....#....(........ #
#....##..#..@..#............. #
#.....#..#.....#.............
#####...#....8.....8.............
....'...+...######.##.#..........
#####...#....#.....#..#.#########
........#.............#...#.....#
#####.............#######.#.##.##
#.....#.............#.#.##.##
#........####.....#.#.#.##.##


There were no monsters in sight!

Vanquished Creatures
  Tiamat (Zot:2)
  4 dread liches
  2 ancient liches (Zot:5)
  An orb of fire (Zot:4)
  Mara (Vaults:3)
  2 juggernauts (Depths:3)
  A shard shrike (Zig:8)
  3 pandemonium lords
  6 Killer Klowns
  Saint Roka (Vaults:2)
  Frederick (Depths:3)
  Xtahua (Depths:3)
  A caustic shrike (Zig:2)
  8 golden dragons
  3 curse toes
  5 bone dragons
  2 doom hounds (Zot:3)
  2 electric golems
  20 Orb Guardians
  23 tentacled monstrosities
  A walking earthen tome (Depths:3)
  8 liches
  Grunn (Zot:3)
  3 titans (Vaults:5)
  Jorgrun (D:13)
  10 quicksilver dragons
  2 deep elf blademasters (Elf:3)
  A deep elf master archer (Elf:3)
  6 death cobs
  3 sphinxes
  3 acid blobs
  A shadow dragon (shapeshifter) (Zig:7)
  A thorn hunter (Swamp:3)
  9 shadow dragons
  A tentacled starspawn (Zig:5)
  9 tengu reavers
  4 draconian monks
  The ghost of Manslay the Eclecticist, an adept OpCj of Sif Muna (Swamp:3)
  2 nagarajas (Zig:6)
  13 storm dragons
  Kirke (D:15)
  3 rockslimes (Depths:4)
  Roxanne (Swamp:2)
  The ghost of kthxbai the Thaumaturge, an adept VSIE of Gozag (Swamp:1)
  8 draconian knights
  A fenstrider witch (Swamp:4)
  17 vault wardens
  3 frost giants
  7 emperor scorpions
  2 iron dragons (Depths:3)
  6 deep elf sorcerers
  6 azure jellies
  8 fire giants
  6 draconian scorchers
  9 ghost moths
  9 draconian shifters
  3 orc warlords
  3 draconian stormcallers (Zot:3)
  5 draconian annihilators
  4 broodmothers
  5 deep elf elementalists (Elf:3)
  18 stone giants
  5 ironbound thunderhulks
  21 ironbound preservers
  3 quicksilver oozes
  22 very ugly things
  5 war gargoyles
  3 eleionomae
  A vampire knight (Depths:3)
  9 green draconians
  The ghost of Ojahapt the Geomancer, a journeyman MeEE of Ashenzari (Spider:3)
  4 deep elf demonologists
  A demonspawn blood saint (Depths:2)
  10 deep elf annihilators
  13 black draconians
  2 putrid mouths (Zot:3)
  11 yellow draconians
  A lorocyproca (D:3)
  9 white draconians
  7 dire elephants
  The ghost of protoss039 the Fighter, a journeyman DsEE of Vehumet (D:15)
  4 bunyips
  5 entropy weavers
  3 spark wasps
  14 purple draconians
  11 red draconians
  7 deep elf death magi
  A minotaur (Gauntlet)
  An iron golem (Zig:2)
  11 ettins
  A blizzard demon (Depths:1)
  A crystal guardian (Vaults:3)
  A shambling mangrove (Swamp:2)
  9 yaktaur captains
  3 great orbs of eyes (Vaults:1)
  2 rakshasas
  4 fire dragons
  5 boulder beetles
  6 deep elf high priests
  2 salamander tyrants (Zig:3)
  39 vault guards
  10 ice dragons
  2 hell beasts (Depths:1)
  A jorogumo (Spider:1)
  14 hydras
  6 ogre magi
  5 ghost crabs
  2 anacondas (shapeshifter) (Vaults:5)
  3 peacekeepers
  A merfolk avatar (Lair:5)
  8 ironbound frosthearts
  A naga warrior (Zig:3)
  26 two-headed ogres
  3 spriggan air magi
  3 radroaches
  A catoblepas (D:12)
  6 centaur warriors
  An alligator (shapeshifter) (Vaults:5)
  8 death yaks (Lair:4)
  3 deep troll earth magi
  5 tengu warriors
  10 alligators
  22 dancing weapons
  5 deep troll shamans
  3 hell hogs (Zot:4)
  A hell knight (Depths:3)
  7 spriggan berserkers
  A soul eater (Depths:2)
  A wretched star (Zig:5)
  19 deep elf knights
  7 iron trolls
  A sixfirhy (Depths:1)
  2 sun moths
  4 skeletal warriors (D:14)
  A goliath frog (Swamp:3)
  17 orb spiders
  6 pharaoh ants
  3 steelbarb worms
  3 spectral hydras (Swamp:4)
  62 deep trolls
  2 spriggan druids
  Lodul (D:13)
  A spark wasp zombie (Depths:1)
  2 flayed ghosts (Depths:3)
  6 swamp dragons
  2 glowing orange brains (Vaults:4)
  A shadow demon (Abyss:3)
  9 wizards
  3 necromancers
  9 bog bodies
  7 lindwurms (Vaults:1)
  9 orc knights
  12 harpies
  The ghost of Frad the Cleaver, a novice MiBe of Trog (D:6)
  14 deep elf archers
  The ghost of protoss039 the Digger, a novice DsEE of Vehumet (D:6)
  22 deep elf zephyrmancers
  19 ironbound convokers
  4 phantasmal warriors (Vaults:5)
  22 wolf spiders
  33 ugly things
  25 deep elf pyromancers
  A shining eye (shapeshifter) (Vaults:5)
  3 will-o-the-wisps
  A cyclops (shapeshifter) (Vaults:5)
  A salamander (D:15)
  A shining eye (Depths:4)
  An orc sorcerer (Zig:6)
  3 oklob plants (Lair:5)
  7 cyclopes
  6 manticores
  A naga mage (Zig:6)
  36 moths of wrath
  An apocalypse crab (Zig:8)
  A black mamba (Lair:4)
  3 ice statues (IceCv)
  A toenail golem (Zot:4)
  24 vault sentinels
  12 elephants
  A smoke demon (Zig:5)
  5 torpor snails
  2 spriggan zombies (Depths:1)
  10 cane toads
  5 unseen horrors
  9 komodo dragons
  A freezing wraith (IceCv)
  9 rime drakes
  2 kobold demonologists
  9 demonic crawlers
  3 swamp worm zombies (Swamp:4)
  A hellion (Zig:7)
  2 hydra zombies (Swamp:4)
  39 yaktaurs
  A red devil (D:3)
  2 tormentors
  3 tengu conjurers
  An ancient zyme (Zig:5)
  4 trolls
  A human skeleton (Vaults:3)
  4 meliai
  5 polar bears
  5 tyrant leeches
  A hornet (shapeshifter) (D:15)
  24 hornets
  5 wind drakes (Lair:5)
  A tyrant leech (shapeshifter) (Vaults:5)
  15 slime creatures
  27 tarantellas
  24 blink frogs
  A snapping turtle (Lair:5)
  20 dream sheep
  A dream sheep (shapeshifter) (Gauntlet)
  3 spectral swamp dragons (Swamp:4)
  3 alligator zombies (Swamp:4)
  8 air elementals
  18 culicivoras
  Sigmund (D:2)
  34 jumping spiders
  2 ynoxinuls
  A centaur simulacrum (D:15)
  24 spriggans
  17 water elementals
  2 wraiths
  5 hogs (D:15)
  2 vampires
  16 wyverns
  10 basilisks
  4 fire elementals (Elf:3)
  39 yaks
  2 hogs (shapeshifter)
  2 golden eyes (Depths:4)
  60 redbacks
  A redback (shapeshifter) (Vaults:5)
  6 steam dragons
  28 vampire mosquitoes
  A death yak simulacrum (IceCv)
  A swamp worm (shapeshifter) (D:15)
  2 wargs
  2 hydra simulacra (IceCv)
  An acid dragon (D:9)
  17 swamp worms
  3 floating eyes
  14 water moccasins
  Duvessa (D:6)
  5 ice beasts
  23 orc warriors
  An ettin simulacrum (Depths:1)
  A swamp drake (Swamp:3)
  2 black bears
  9 starcursed masses (Zig:5)
  A small abomination (Elf:3)
  5 swamp dragon zombies (Swamp:4)
  A tengu (shapeshifter) (Gauntlet)
  9 boggarts
  5 centaurs
  37 ogres
  3 wolves (Lair:2)
  4 kobold brigands
  2 phantoms
  Blork the orc (D:6)
  A human zombie (Vaults:3)
  7 necrophages
  11 bullfrogs
  A glowing shapeshifter simulacrum (Vaults:3)
  7 earth elementals
  3 cane toad simulacra (IceCv)
  A scorpion (D:5)
  A water moccasin zombie (D:3)
  A wight (D:8)
  Dowan (D:6)
  A water moccasin skeleton (D:3)
  An elephant simulacrum (IceCv)
  54 killer bees
  8 electric eels
  A howler monkey (D:11)
  6 hounds
  19 orc priests
  5 jellies
  Jessica (D:2)
  5 iguanas
  15 orc wizards
  5 hell rats (Lair:4)
  A polar bear simulacrum (IceCv)
  13 gnolls
  10 adders
  2 swamp drake zombies (Swamp:4)
  A white imp (D:7)
  2 ufetubi
  2 adder skeletons (D:3)
  5 worms
  A dart slug (D:1)
  74 orcs
  6 bats
  7 endoplasms
  3 giant cockroaches
  19 goblins
  10 hobgoblins
  8 jackals (D:3)
  6 quokkas
  4 ball pythons
  A ball python skeleton (D:3)
  2 frilled lizards
  21 kobolds
  4 rats
  A bush (Lair:5)
2185 creatures vanquished.

Vanquished Creatures (collateral kills)
  An orb of fire (Depths:4)
  Arachne (Spider:3)
  A quicksilver dragon (Zot:3)
  A draconian monk (Zot:3)
  A vault warden (Vaults:5)
  A deep elf elementalist (Elf:3)
  A draconian annihilator (Zot:3)
  A very ugly thing (Vaults:5)
  A dire elephant (Vaults:2)
  A green draconian (Zot:3)
  A deep elf annihilator (Elf:3)
  3 deep elf death magi (Elf:3)
  A deep elf high priest (Elf:3)
  A yaktaur captain (Vaults:5)
  A centaur warrior (Vaults:1)
  An orb spider (Spider:3)
  A deep elf zephyrmancer (Elf:3)
  An orc knight (Vaults:1)
  A smoke demon (Depths:1)
  A tarantella (Spider:3)
  A water elemental (Elf:3)
  A phantom (Swamp:4)
  An ufetubus (Depths:1)
  2 orcs (Vaults:2)
27 creatures vanquished.

Vanquished Creatures (others)
  A draconian knight (Zot:3)
  A fire giant (Depths:4)
  An ironbound preserver (Vaults:2)
  2 draconian annihilators
  A very ugly thing (Depths:2)
  2 red draconians
  A white draconian (Zot:3)
  A yellow draconian (Zot:3)
  A ghost crab (Swamp:3)
  A vault guard (Vaults:5)
  A rakshasa (Depths:2)
  A sun demon (Depths:1)
  A sun moth (Spider:3)
  2 deep elf zephyrmancers
  6 bloated husks
  A culicivora (Spider:4)
  2 phantoms (Swamp:4)
  An orc wizard (D:13)
  3 blocks of ice (Depths:1)
  4 foxfires
  36 fungi
  79 plants
  3 starspawn tentacles (Zig:5)
  12 withered plants
164 creatures vanquished.

Grand Total: 2376 creatures vanquished

Notes
Turn   | Place    | Note
-------+----------+-------------------------------------------
     0 | D:1      | RitorJet the Minotaur Fighter began the quest for the Orb.
     0 | D:1      | Reached XP level 1. HP: 19/19 MP: 0/0
    46 | D:1      | Reached skill level 3 in Axes
    77 | D:1      | Reached XP level 2. HP: 27/27 MP: 1/1
   615 | D:1      | Reached XP level 3. HP: 33/33 MP: 2/2
   699 | D:1      | You fall into a shaft and drop 1 floor!
   723 | D:2      | Noticed Jessica
   726 | D:2      | Killed Jessica
   727 | D:2      | Reached skill level 4 in Axes
   756 | D:2      | Found a faded altar of an unknown god.
   779 | D:2      | Prayed at the altar of an unknown god.
   779 | D:2      | Became a worshipper of Trog the Wrathful
   779 | D:2      | Reached * piety under Trog
   813 | D:2      | Reached XP level 4. HP: 39/41 MP: 3/3
  1391 | D:2      | Noticed Sigmund
  1400 | D:2      | Killed Sigmund
  1401 | D:2      | Reached skill level 5 in Fighting
  1401 | D:2      | Reached skill level 6 in Axes
  1401 | D:2      | Reached XP level 5. HP: 48/48 MP: 4/4
  1820 | D:3      | Reached XP level 6. HP: 56/56 MP: 5/5
  1828 | D:3      | Reached ** piety under Trog
  1970 | D:3      | Reached skill level 7 in Axes
  2319 | D:4      | Reached XP level 7. HP: 56/63 MP: 6/6
  2418 | D:4      | Found Etwuj's Book Shop.
  2433 | D:4      | Found Docsaaz's Antique Armour Shop.
  2433 | D:4      | Found Myudoew's Assorted Antiques.
  2441 | D:4      | Found Huczoluvuakh's Antique Armour Shop.
  2446 | D:4      | Bought a pair of runed gloves for 150 gold pieces
  2611 | D:4      | Identified the +4 whip of the Valley of Death {speed,
                  | Int+7}
  2617 | D:4      | Reached skill level 8 in Axes
  2638 | D:4      | Found a hazy altar of Hepliaklqana.
  3018 | D:5      | Entered Level 5 of the Dungeon
  3047 | D:5      | Found a transporter.
  3090 | D:5      | Reached *** piety under Trog
  3093 | D:5      | Reached skill level 9 in Axes
  3112 | D:5      | Gained mutation: You occasionally lose the ability to drink
                  | potions when taking damage. [potion of mutation]
  3112 | D:5      | Gained mutation: You are somewhat resistant to further
                  | mutation. [potion of mutation]
  3149 | D:5      | Reached XP level 8. HP: 66/73 MP: 7/7
  3336 | D:5      | Found a staircase to the Ecumenical Temple.
  3486 | D:5      | Found a transporter.
  3606 | D:5      | Reached skill level 10 in Axes
  3910 | D:6      | Found a runed translucent gate.
  3912 | D:6      | Found a runed translucent gate.
  3913 | D:6      | Found a runed translucent gate.
  3915 | D:6      | Noticed Frad's ghost (novice MiBe)
  3915 | D:6      | Noticed protoss039's ghost (novice DsEE)
  3930 | D:6      | Reached skill level 11 in Axes
  3932 | D:6      | Noticed Blork the orc
  3945 | D:6      | Killed Blork the orc
  4070 | D:6      | Reached XP level 9. HP: 82/82 MP: 8/8
  4158 | D:6      | Reached **** piety under Trog
  4205 | D:6      | Noticed Duvessa
  4278 | D:6      | Killed Duvessa
  4285 | D:6      | Noticed Dowan
  4298 | D:6      | Killed Dowan
  4313 | D:6      | Reached skill level 12 in Axes
  4578 | D:6      | Found an ancient bone altar of Kikubaaqudgha.
  4587 | D:6      | Found a sparkling altar of Nemelex Xobeh.
  4826 | D:6      | Killed Frad's ghost
  4830 | D:6      | Killed protoss039's ghost
  4831 | D:6      | Reached skill level 10 in Fighting
  4831 | D:6      | Reached skill level 13 in Axes
  4883 | D:7      | Found a bloodstained altar of Trog.
  4903 | D:7      | Found a flagged portal.
  4913 | Bailey   | Entered a bailey
  4996 | Bailey   | Noticed an orc knight
  5011 | Bailey   | Killed an orc knight
  5012 | Bailey   | Reached skill level 14 in Axes
  5012 | Bailey   | Reached XP level 10. HP: 87/94 MP: 9/9
  5054 | Bailey   | Noticed an orc warlord
  5085 | Bailey   | Killed an orc warlord
  5086 | Bailey   | Reached skill level 15 in Axes
  5124 | Bailey   | Identified the +8 spear "Juwk" {protect, rPois rF+ rN++
                  | rCorr}
  5128 | Bailey   | Identified the +12 quick blade "Akeit" {spect, *Slow rCorr
                  | Str+4}
  5528 | D:7      | Acquired the ring of the Tortoise {AC+8}
  5528 | D:7      | Found the ring of the Tortoise {AC+8}
  5632 | D:7      | Acquired a +1 broad axe of flaming
  6405 | D:8      | Reached ***** piety under Trog
  6446 | D:8      | Reached XP level 11. HP: 104/104 MP: 10/10
  6601 | D:8      | Reached skill level 16 in Axes
  6967 | D:9      | Found a hide-covered altar of Uskayaw.
  6989 | D:9      | Found an iron altar of Okawaru.
  7037 | D:9      | Received a gift from Trog
  7147 | D:9      | Reached XP level 12. HP: 113/113 MP: 11/11
  7221 | D:9      | Found a shadowy altar of Dithmenos.
  7389 | D:9      | Found a shimmering altar of Xom.
  7425 | D:9      | Found a staircase to the Orcish Mines.
  7545 | D:4      | Bought a pair of steaming boots for 275 gold pieces
  7545 | D:4      | Identified the +2 pair of boots of Gukeat {rC+ rCorr MP+9
                  | Dex+3} (You bought it in a shop on level 4 of the Dungeon)
  7553 | D:4      | Bought a tiger eye-encrusted scale mail for 288 gold pieces
  7553 | D:4      | Identified the +4 scale mail of the Raven {rCorr Int+2
                  | Dex+3} (You bought it in a shop on level 4 of the Dungeon)
  7695 | D:10     | Entered Level 10 of the Dungeon
  7695 | D:10     | Found an ornate altar of the Wu Jian Council.
  7869 | D:10     | Reached skill level 17 in Axes
  8076 | D:10     | Found a staircase to the Lair.
  8078 | D:10     | Lost mutation: You occasionally lose the ability to drink
                  | potions when taking damage. [potion of mutation]
  8078 | D:10     | Lost mutation: You are somewhat resistant to further
                  | mutation. [potion of mutation]
  8078 | D:10     | Gained mutation: You expend magic power (3 MP) to
                  | strengthen your wands. [potion of mutation]
  8078 | D:10     | Gained mutation: Your body sometimes deteriorates upon
                  | taking damage. [potion of mutation]
  8078 | D:10     | Gained mutation: You are agile. (Dex +4, Str/Int -1)
                  | [potion of mutation]
  8152 | D:10     | Noticed a two-headed ogre
  8158 | D:10     | Killed a two-headed ogre
  8208 | D:10     | Found a shimmering blue altar of Sif Muna.
  8369 | D:10     | Found a blossoming altar of Fedhas.
  8390 | Lair:1   | Entered Level 1 of the Lair of Beasts
  8678 | Lair:1   | Noticed a six-headed hydra
  8687 | Lair:1   | Killed a two-headed hydra
  8688 | Lair:1   | Reached skill level 18 in Axes
  9339 | Lair:2   | Reached skill level 19 in Axes
  9471 | Lair:2   | Reached XP level 13. HP: 124/124 MP: 12/12
  9645 | Lair:2   | Received a gift from Trog
 10069 | Lair:3   | Reached skill level 20 in Axes
 10147 | Lair:3   | Found a frozen archway.
 10164 | IceCv    | Entered an ice cave
 10174 | IceCv    | Reached skill level 15 in Fighting
 10552 | Lair:3   | Reached skill level 21 in Axes
 10554 | Lair:3   | Reached ****** piety under Trog
 10649 | Lair:3   | Found a hole to the Spider Nest.
 10881 | Lair:3   | Found a staircase to the Swamp.
 11324 | Lair:4   | Reached skill level 1 in Dodging
 11341 | Lair:4   | Reached XP level 14. HP: 114/137 MP: 13/13
 11347 | Lair:4   | Received a gift from Trog
 11350 | Lair:4   | Acquired the ring "Kysumnan" {rPois Int+7 Slay+4}
 12118 | Lair:5   | Entered Level 5 of the Lair of Beasts
 12209 | Lair:5   | Found a gate leading to a gauntlet.
 12235 | Lair:5   | Reached skill level 5 in Dodging
 12246 | Gauntlet | Entered a Gauntlet
 12246 | Gauntlet | Found a transporter.
 12253 | Gauntlet | Noticed a quicksilver ooze
 12256 | Gauntlet | Found a transporter.
 12269 | Gauntlet | Found a transporter.
 12272 | Gauntlet | Found a transporter.
 12292 | Gauntlet | Found a transporter.
 12305 | Gauntlet | Found a transporter.
 12308 | Gauntlet | Found a transporter.
 12312 | Gauntlet | Found a transporter.
 12343 | Gauntlet | Found a transporter.
 12351 | Gauntlet | Found a transporter.
 12351 | Gauntlet | Found a transporter.
 12359 | Gauntlet | Found a transporter.
 12385 | Gauntlet | Noticed a quicksilver ooze
 12482 | Gauntlet | Killed a quicksilver ooze
 13260 | Lair:5   | Found a viscous altar of Jiyva.
 13367 | Lair:5   | Found a staircase to the Slime Pits.
 13873 | Orc:1    | Entered Level 1 of the Orcish Mines
 13896 | Orc:1    | Received a gift from Trog
 14050 | Orc:2    | Entered Level 2 of the Orcish Mines
 14115 | Orc:1    | Reached skill level 22 in Axes
 14615 | Orc:2    | Reached XP level 15. HP: 125/147 MP: 14/14
 14641 | Orc:2    | Received a gift from Trog
 14649 | Orc:2    | Found Cuevyses's General Store.
 14649 | Orc:2    | Found Veunt's Assorted Antiques.
 14653 | Orc:2    | Found Zaagutou's Magic Scroll Shop.
 14653 | Orc:2    | Found Ijymyasecu's Antique Weapon Emporium.
 14682 | Orc:2    | Bought a potion of mutation for 280 gold pieces
 14686 | Orc:2    | Bought a scroll of teleportation for 105 gold pieces
 14695 | Orc:2    | Found a burning altar of Makhleb.
 14761 | Orc:2    | Found a staircase to the Elven Halls.
 15303 | Spider:1 | Entered Level 1 of the Spider Nest
 15392 | Spider:1 | Noticed an emperor scorpion
 15402 | Spider:1 | Killed an emperor scorpion
 16595 | Spider:2 | Lost mutation: You are agile. (Dex +4, Str/Int -1) [potion
                  | of mutation]
 16595 | Spider:2 | Lost mutation: Your body sometimes deteriorates upon taking
                  | damage. [potion of mutation]
 16595 | Spider:2 | Lost mutation: You expend magic power (3 MP) to strengthen
                  | your wands. [potion of mutation]
 16595 | Spider:2 | Gained mutation: You are clumsy. (Dex -2) [potion of
                  | mutation]
 16853 | Spider:2 | Reached XP level 16. HP: 101/154 MP: 15/15
 16936 | Spider:2 | Reached skill level 1 in Stealth
 16949 | Spider:2 | Reached skill level 15 in Armour
 17051 | Spider:2 | Received a gift from Trog
 17628 | Spider:2 | Reached skill level 23 in Axes
 17780 | Spider:3 | Noticed Arachne
 17793 | Spider:3 | Killed Arachne
 17794 | Spider:3 | Reached skill level 10 in Dodging
 18119 | Spider:3 | Found a large runed translucent door.
 18119 | Spider:3 | Found a large runed translucent door.
 18122 | Spider:3 | Noticed Ojahapt's ghost (journeyman MeEE)
 18403 | Spider:3 | Received a gift from Trog
 18641 | Spider:3 | Killed Ojahapt's ghost
 18732 | Spider:4 | Entered Level 4 of the Spider Nest
 19867 | Spider:4 | Reached XP level 17. HP: 70/168 MP: 16/16
 19889 | Spider:4 | Reached skill level 5 in Stealth
 20016 | Spider:4 | Identified the +9 battleaxe "Koppodoill" {flame, rPois rF+
                  | rCorr Dex-5} (Trog gifted it to you on level 4 of the
                  | Spider Nest)
 20016 | Spider:4 | Received a gift from Trog
 20642 | Spider:4 | Got a gossamer rune of Zot
 21139 | Swamp:1  | Entered Level 1 of the Swamp
 21190 | Swamp:1  | Identified the +1 robe "Otau" {Harm rPois}
 21551 | Swamp:1  | Found a runed translucent gate.
 21552 | Swamp:1  | Found a runed translucent gate.
 21573 | Swamp:1  | Found a runed translucent gate.
 21575 | Swamp:1  | Noticed kthxbai's ghost (adept VSIE)
 21575 | Swamp:1  | You fall into a shaft and drop 1 floor!
 21640 | Swamp:2  | Found a radiant altar of Vehumet.
 21833 | Swamp:1  | Killed kthxbai's ghost
 22194 | Swamp:2  | Noticed Roxanne
 22202 | Swamp:2  | Received a gift from Trog
 22221 | Swamp:2  | Killed Roxanne
 22493 | Swamp:3  | Found a runed translucent door.
 22494 | Swamp:3  | Noticed Manslay's ghost (adept OpCj)
 22497 | Swamp:3  | Identified the +5 spear of Starshine {freeze, rC- rN+++
                  | Str+3 Stlth+}
 22497 | Swamp:3  | Noticed a tentacled monstrosity
 22519 | Swamp:3  | Killed a tentacled monstrosity
 22522 | Swamp:3  | Killed Manslay's ghost
 22527 | Swamp:3  | HP: 1/170 [five-headed hydra[a spriggan druid] (19)]
 22543 | Swamp:2  | Reached skill level 24 in Axes
 22863 | Swamp:3  | Found a basalt altar of Yredelemnul.
 23276 | Swamp:4  | Entered Level 4 of the Swamp
 23356 | Swamp:4  | Received a gift from Trog
 23450 | Swamp:4  | Reached XP level 18. HP: 175/179 MP: 17/17
 23554 | Swamp:4  | Lost mutation: You are clumsy. (Dex -2) [potion of
                  | mutation]
 23554 | Swamp:4  | Gained mutation: You possess an exceptional clarity of
                  | mind. [potion of mutation]
 23554 | Swamp:4  | Gained mutation: You are weak. (Str -2) [potion of
                  | mutation]
 23554 | Swamp:4  | Gained mutation: You are somewhat resistant to further
                  | mutation. [potion of mutation]
 23959 | Swamp:4  | Noticed a bone dragon
 24136 | Swamp:4  | Killed a bone dragon
 24183 | Swamp:4  | Got a decaying rune of Zot
 24686 | D:11     | Received a gift from Trog
 26095 | D:13     | Noticed Lodul
 26113 | D:13     | Killed Lodul
 26183 | D:13     | Found a gate to the Vaults.
 26412 | D:13     | Noticed Jorgrun
 26421 | D:13     | Killed Jorgrun
 26676 | D:14     | Received a gift from Trog
 26834 | D:14     | Reached skill level 5 in Shields
 26916 | D:14     | Found a radiant altar of Vehumet.
 27207 | D:15     | Entered Level 15 of the Dungeon
 27244 | D:15     | Found a staircase to the Depths.
 27372 | D:15     | Noticed Kirke
 27385 | D:15     | Killed Kirke
 27540 | D:15     | Identified the +7 chain mail of Inquiry {rF+ rC+ Regen+}
 27654 | D:15     | Found a transporter.
 27655 | D:15     | Noticed protoss039's ghost (journeyman DsEE)
 27657 | D:15     | Found a transporter.
 27658 | D:15     | Identified the +5 great mace of a ziggurat {freeze, *Slow
                  | rC+ Str+4}
 27822 | D:15     | Found an ancient bone altar of Kikubaaqudgha.
 27913 | D:15     | Found a portal to a secret trove of treasure.
 28068 | D:15     | Killed protoss039's ghost
 28172 | Vaults:1 | Entered Level 1 of the Vaults
 28579 | Vaults:1 | Reached XP level 19. HP: 177/189 MP: 18/18
 28630 | Vaults:1 | Found Hidat's Book Emporium.
 28698 | Vaults:1 | Paralysed by a great orb of eyes for 5 turns
 28741 | Vaults:1 | Found Qiurityn's Distillery.
 28750 | Vaults:1 | Received a gift from Trog
 28756 | Vaults:1 | Bought a potion of heal wounds for 90 gold pieces
 28756 | Vaults:1 | Bought a potion of might for 72 gold pieces
 28756 | Vaults:1 | Bought a potion of might for 72 gold pieces
 28756 | Vaults:1 | Bought a potion of cancellation for 144 gold pieces
 28756 | Vaults:1 | Bought a potion of invisibility for 144 gold pieces
 28756 | Vaults:1 | Bought a potion of might for 72 gold pieces
 29174 | Vaults:1 | You fall into a shaft and drop 1 floor!
 29191 | Vaults:2 | Reached skill level 25 in Axes
 29276 | Vaults:2 | Identified the +8 battleaxe of Dishonour {vorpal, rPois
                  | rN+} (Trog gifted it to you on level 2 of the Vaults)
 29276 | Vaults:2 | Received a gift from Trog
 29412 | Vaults:2 | Noticed Saint Roka
 29460 | Vaults:2 | Killed Saint Roka
 29617 | Vaults:2 | Found a staircase to the Crypt.
 29617 | Vaults:2 | Found an ancient bone altar of Kikubaaqudgha.
 29617 | Vaults:2 | Found a basalt altar of Yredelemnul.
 29973 | Vaults:2 | Received a gift from Trog
 30347 | Vaults:2 | Found Hiacuxzie's Magic Scroll Shop.
 31099 | Elf:1    | Entered Level 1 of the Elven Halls
 31099 | Elf:1    | Found a runed translucent gate.
 31099 | Elf:1    | Found a runed translucent gate.
 31099 | Elf:1    | Found a runed translucent gate.
 31099 | Elf:1    | Found a runed translucent gate.
 31099 | Elf:1    | Found a runed translucent gate.
 31099 | Elf:1    | Found a runed translucent gate.
 31100 | Elf:1    | Found a runed translucent door.
 31132 | Elf:1    | Found a runed translucent door.
 31579 | Elf:1    | Reached XP level 20. HP: 202/202 MP: 19/19
 31587 | Elf:1    | Received a gift from Trog
 31793 | Elf:1    | Found Qesaodem's Weapon Boutique.
 31933 | Elf:1    | Paralysed by an air elemental for 1 turns
 32013 | Elf:2    | Identified the +1 ring mail "Witis" {Rampage Str+3 Int+3}
 32052 | Elf:2    | Paralysed by an air elemental for 1 turns
 32239 | Elf:2    | Reached skill level 10 in Stealth
 32241 | Elf:2    | Found a runed translucent gate.
 32241 | Elf:2    | Found a runed translucent gate.
 32241 | Elf:2    | Found a runed translucent gate.
 32501 | Elf:2    | Received a gift from Trog
 33046 | Elf:3    | Entered Level 3 of the Elven Halls
 33062 | Elf:3    | Reached skill level 15 in Dodging
 33267 | Elf:3    | Received a gift from Trog
 33331 | Elf:3    | Paralysed by an air elemental for 1 turns
 33335 | Elf:3    | Paralysed by an air elemental for 1 turns
 33342 | Elf:3    | Paralysed by an air elemental for 1 turns
 33759 | Elf:3    | Reached skill level 10 in Shields
 34228 | Abyss:2  | Cast into level 2 of the Abyss (a deep elf sorcerer)
 34242 | Abyss:2  | Found a corrupted altar of Lugonu.
 34319 | Elf:3    | Escaped the Abyss
 34333 | Elf:3    | Identified the +9 war axe of Juschugre {antimagic, Int-5
                  | Dex+4 SInv} (Trog gifted it to you on level 3 of the Elven
                  | Halls)
 34333 | Elf:3    | Received a gift from Trog
 34339 | Elf:3    | Identified the +5 long sword of Calamity {vorpal, Int+2}
 34500 | Elf:3    | Identified the +4 hand axe "Xurity" {venom, *Slow rF- rC+
                  | Str+6}
 34529 | Elf:3    | Identified the +10 plate armour of Reasonable Birdsong
                  | {rElec rPois rF- Dex+4}
 34529 | Elf:3    | Identified the ring "Coplub" {rPois Will+ Str-5 Int+4}
 34903 | Elf:3    | Lost mutation: You possess an exceptional clarity of mind.
                  | [potion of mutation]
 34903 | Elf:3    | Lost mutation: You are weak. (Str -2) [potion of mutation]
 34903 | Elf:3    | Lost mutation: You are somewhat resistant to further
                  | mutation. [potion of mutation]
 34903 | Elf:3    | Gained mutation: You are partially covered in iridescent
                  | scales. (AC +2) [potion of mutation]
 34904 | Elf:3    | Lost mutation: You are partially covered in iridescent
                  | scales. (AC +2) [potion of mutation]
 34904 | Elf:3    | Gained mutation: You are dopey. (Int -2) [potion of
                  | mutation]
 34904 | Elf:3    | Gained mutation: You have sharp toenails. [potion of
                  | mutation]
 34905 | Elf:3    | Lost mutation: You are dopey. (Int -2) [potion of mutation]
 34905 | Elf:3    | Lost mutation: You have sharp toenails. [potion of
                  | mutation]
 34905 | Elf:3    | Gained mutation: You have sharp toenails. [potion of
                  | mutation]
 34905 | Elf:3    | Gained mutation: Your muscles are strong. (Str +4, Int/Dex
                  | -1) [potion of mutation]
 34905 | Elf:3    | Gained mutation: You have sharp fingernails. [potion of
                  | mutation]
 34906 | Elf:3    | Lost mutation: You have sharp fingernails. [potion of
                  | mutation]
 34906 | Elf:3    | Lost mutation: Your muscles are strong. (Str +4, Int/Dex
                  | -1) [potion of mutation]
 34906 | Elf:3    | Lost mutation: You have sharp toenails. [potion of
                  | mutation]
 34906 | Elf:3    | Gained mutation: You are frail. (-10% HP) [potion of
                  | mutation]
 34906 | Elf:3    | Gained mutation: You occasionally shout uncontrollably at
                  | your foes. [potion of mutation]
 34906 | Elf:3    | Gained mutation: You have a pair of large horns on your
                  | head. [potion of mutation]
 34907 | Elf:3    | Lost mutation: You occasionally shout uncontrollably at
                  | your foes. [potion of mutation]
 34907 | Elf:3    | Lost mutation: You are frail. (-10% HP) [potion of
                  | mutation]
 34907 | Elf:3    | Gained mutation: Your spells are a little harder to cast,
                  | but a little more powerful. [potion of mutation]
 34908 | Elf:3    | Lost mutation: Your spells are a little harder to cast, but
                  | a little more powerful. [potion of mutation]
 34908 | Elf:3    | Lost mutation: You have a pair of large horns on your head.
                  | [potion of mutation]
 34908 | Elf:3    | Gained mutation: Armour fits poorly on your strangely
                  | shaped body. [potion of mutation]
 34908 | Elf:3    | Gained mutation: You occasionally lose the ability to drink
                  | potions when taking damage. [potion of mutation]
 34909 | Elf:3    | Lost mutation: You occasionally lose the ability to drink
                  | potions when taking damage. [potion of mutation]
 34909 | Elf:3    | Lost mutation: Armour fits poorly on your strangely shaped
                  | body. [potion of mutation]
 34909 | Elf:3    | Gained mutation: Your flesh is heat resistant. (rF+)
                  | [potion of mutation]
 34909 | Elf:3    | Gained mutation: Your flesh is very heat resistant. (rF++)
                  | [potion of mutation]
 35579 | Vaults:1 | Acquired a +3 antimagic executioner's axe
 35668 | Vaults:1 | Reached XP level 21. HP: 212/212 MP: 20/20
 35912 | Vaults:1 | Found Fahewite's Jewellery Shoppe.
 35927 | Vaults:1 | Bought a ring of see invisible for 300 gold pieces
 36186 | Vaults:3 | Noticed Mara
 36190 | Vaults:3 | Noticed RitorJet's illusion
 36202 | Vaults:3 | Killed Mara
 36211 | Vaults:3 | Found a flickering gateway to a bazaar.
 36216 | Bazaar   | Entered a bazaar
 36216 | Bazaar   | Found Joewu's Antique Armour Shop.
 36216 | Bazaar   | Found Xironiamn's Armour Shoppe.
 36216 | Bazaar   | Found Odevan's Armour Shop.
 36218 | Bazaar   | Found Byuzevue's Assorted Antiques.
 36270 | Bazaar   | Bought a pair of dazzling boots for 171 gold pieces
 36270 | Bazaar   | Identified the +2 pair of boots of Contumacious Freedom
                  | {rF+ rN+ Regen+ Str-5} (You bought it in a shop in a
                  | bazaar)
 36284 | Bazaar   | Bought a scroll of teleportation for 60 gold pieces
 36284 | Bazaar   | Bought 2 potions of resistance for 400 gold pieces
 36284 | Bazaar   | Bought a scroll of fear for 80 gold pieces
 36686 | Vaults:3 | Received a gift from Trog
 37462 | Vaults:4 | Reached skill level 26 in Axes
 37880 | Vaults:4 | Received a gift from Trog
 38333 | Vaults:5 | Entered Level 5 of the Vaults
 38398 | Vaults:5 | Noticed a dread lich
 38408 | Vaults:5 | Received a gift from Trog
 38410 | Vaults:5 | Reached XP level 22. HP: 224/224 MP: 21/21
 38416 | Vaults:5 | Paralysed by something for 5 turns
 38529 | Vaults:5 | Identified the +2 leather armour "Zifoem" {Fly Str+7}
 38806 | Vaults:5 | Identified the +7 short sword "Urog" {vorpal, Fly Will+
                  | Str+2}
 38835 | Vaults:5 | Identified the +8 dagger "Saatay" {freeze, rPois rCorr}
 38835 | Vaults:5 | Identified the +0 robe of Follow the Leader {rPois Str+7
                  | Dex+3}
 38872 | Vaults:5 | Killed a dread lich
 38919 | Vaults:5 | Noticed a golden dragon
 38951 | Vaults:5 | Identified the +10 short sword of the Freezing Visionary
                  | {antimagic, rF+ rN+ Dex+2 Stlth+}
 38957 | Vaults:5 | Received a gift from Trog
 38985 | Vaults:5 | Identified the +5 longbow of Agony {freeze, +Blink Str+3}
 38985 | Vaults:5 | Identified the +10 short sword of Truncation {venom, +Blink
                  | rC+ Int+3 Stlth+}
 38992 | Vaults:5 | Killed a golden dragon
 39579 | Vaults:5 | Got a silver rune of Zot
 39680 | Vaults:5 | Found Pebae's General Store.
 39692 | Vaults:5 | Bought 2 scrolls of teleportation for 96 gold pieces
 39692 | Vaults:5 | Bought a scroll of teleportation for 48 gold pieces
 39864 | Vaults:5 | Identified the +1 robe of Resilience {Fly rN+ Int-3}
 39869 | Vaults:5 | Identified the +2 leather armour of Evolution {Harm Int+6
                  | Dex+4}
 39876 | Vaults:5 | Identified the +4 dagger of Lust {vamp, rPois rC+ Int+7
                  | Stlth+}
 40244 | Depths:1 | Entered Level 1 of the Depths
 40369 | Depths:1 | Found a one-way gateway to a ziggurat.
 40450 | Depths:1 | Received a gift from Trog
 40627 | Depths:1 | Found a gateway to Hell.
 40845 | Depths:1 | Found a one-way gate leading to the halls of Pandemonium.
 41243 | Zig:1    | Entered Level 1 of a ziggurat
 41261 | Zig:2    | Entered Level 2 of a ziggurat
 41262 | Zig:2    | Noticed a caustic shrike
 41270 | Zig:2    | Killed a caustic shrike
 41346 | Zig:3    | Entered Level 3 of a ziggurat
 41381 | Zig:3    | Reached XP level 23. HP: 236/236 MP: 22/22
 41411 | Zig:4    | Entered Level 4 of a ziggurat
 41424 | Zig:5    | Entered Level 5 of a ziggurat
 41672 | Zig:5    | Paralysed by accursed screaming for 1 turns
 41793 | Zig:5    | Identified the +1 chain mail of the Jackalope {Dex+4}
 41800 | Zig:6    | Entered Level 6 of a ziggurat
 41813 | Zig:6    | Reached XP level 24. HP: 245/245 MP: 17/17
 41876 | Zig:7    | Entered Level 7 of a ziggurat
 41882 | Zig:7    | Noticed a Killer Klown
 41915 | Zig:7    | Received a gift from Trog
 41938 | Zig:7    | Killed a Killer Klown
 41950 | Zig:7    | Identified the +3 dagger "Taimpygo" {speed, Str+3}
 41963 | Zig:8    | Entered Level 8 of a ziggurat
 41972 | Zig:8    | Noticed a Killer Klown
 41972 | Zig:8    | Noticed Xeqy the pandemonium lord
 41972 | Zig:8    | Noticed Socreups the pandemonium lord
 41987 | Zig:8    | Noticed a Killer Klown
 41987 | Zig:8    | Noticed a Killer Klown
 42000 | Zig:8    | Killed Socreups the pandemonium lord
 42015 | Zig:8    | Killed Xeqy the pandemonium lord
 42017 | Zig:8    | Killed a Killer Klown
 42018 | Zig:8    | Killed a Killer Klown
 42023 | Zig:8    | Noticed a shard shrike
 42023 | Zig:8    | a Killer Klown changed into a shard shrike
 42028 | Zig:8    | Killed a shard shrike
 42029 | Zig:8    | Reached skill level 27 in Axes
 42153 | Zig:8    | Identified the +4 war axe of Internal Strife {vorpal, MP+9
                  | Int+2}
 42786 | Depths:2 | Found Vehex's Armour Boutique.
 43204 | Depths:2 | Found a white marble altar of Elyvilon.
 43314 | Depths:3 | Noticed Frederick
 43328 | Depths:3 | Noticed a juggernaut
 43373 | Depths:3 | Noticed a juggernaut
 43375 | Depths:3 | Killed a juggernaut
 43375 | Depths:3 | Paralysed by a floating eye for 4 turns
 43384 | Depths:3 | Paralysed by a floating eye for 2 turns
 43475 | Depths:3 | Found Tivys's Book Shop.
 43475 | Depths:3 | Found Zeit's Weapon Boutique.
 43489 | Depths:3 | Received a gift from Trog
 43572 | Depths:3 | Noticed Xtahua
 43584 | Depths:3 | Killed Xtahua
 43746 | Depths:3 | Identified the ring "Dumudgh" {rElec Dex+6}
 43859 | Depths:3 | Found a one-way gate to the infinite horrors of the Abyss.
 43880 | Depths:3 | Reached skill level 15 in Shields
 44036 | Depths:3 | Killed a juggernaut
 44163 | Depths:3 | Killed Frederick
 44284 | Depths:3 | You fall into a shaft and drop 1 floor!
 44284 | Depths:4 | Entered Level 4 of the Depths
 44359 | Depths:4 | Paralysed by a floating eye for 4 turns
 44587 | Depths:3 | Paralysed by a floating eye for 4 turns
 44817 | Depths:4 | Received a gift from Trog
 44926 | Depths:4 | Found a viscous altar of Jiyva.
 44972 | Depths:4 | Reached XP level 25. HP: 238/253 MP: 22/22
 45632 | Depths:4 | Found a gate to the Realm of Zot.
 45662 | Zot:1    | Entered Level 1 of the Realm of Zot
 45664 | Zot:1    | Noticed an orb of fire
 45717 | Depths:4 | Lost intelligence.
 45722 | Depths:4 | Gained mutation: Your spells are a little easier to cast,
                  | but a little less powerful. [an orb of fire]
 45730 | Depths:4 | Gained mutation: You are dopey. (Int -2) [an orb of fire]
 45731 | Depths:4 | Killed an orb of fire
 46197 | Zot:1    | Acquired the +1 pair of gloves "Dysmote" {rF+ Int+2}
 46255 | Zot:1    | Received a gift from Trog
 46977 | Zot:2    | Found the +4 dragonskin cloak
 46977 | Zot:2    | Noticed Tiamat
 47005 | Zot:2    | Reached skill level 1 in Evocations
 47122 | Zot:2    | Killed Tiamat
 47280 | Zot:2    | You fall into a shaft and drop 2 floors!
 47700 | Zot:2    | Noticed a Killer Klown
 47722 | Zot:2    | Killed a Killer Klown
 48101 | Zot:2    | Received a gift from Trog
 48656 | Zot:3    | Noticed Grunn
 49073 | Zot:3    | Reached skill level 5 in Evocations
 49077 | Zot:3    | Killed Grunn
 49122 | Zot:3    | Reached XP level 26. HP: 261/261 MP: 21/22
 49530 | Zot:3    | Noticed a dread lich
 49550 | Zot:3    | Killed a dread lich
 50086 | Zot:3    | Received a gift from Trog
 51474 | Zot:5    | Entered Level 5 of the Realm of Zot
 51504 | Zot:5    | Noticed a dread lich
 51509 | Zot:5    | Noticed an orb of fire
 51509 | Zot:5    | Noticed an orb of fire
 51704 | Zot:5    | Noticed an ancient lich
 51720 | Zot:4    | Gained mutation: Armour fits poorly on your strangely
                  | shaped body. [an orb of fire]
 51723 | Zot:4    | Gained mutation: Potions are less effective at restoring
                  | your health. [an orb of fire]
 51728 | Zot:4    | Gained mutation: You sometimes lose your temper in combat.
                  | [an orb of fire]
 51729 | Zot:4    | Killed an orb of fire
 51868 | Zot:5    | Paralysed by something for 2 turns
 51882 | Zot:5    | Gained mutation: You are very dopey. (Int -4) [a cacodemon]
 51888 | Zot:5    | Killed an ancient lich
 51889 | Zot:5    | Gained mutation: You are weak. (Str -2) [a cacodemon]
 51918 | Zot:5    | Killed a dread lich
 52178 | Zot:5    | Lost mutation: You are very dopey. (Int -4) [potion of
                  | mutation]
 52178 | Zot:5    | Lost mutation: You are weak. (Str -2) [potion of mutation]
 52178 | Zot:5    | Gained mutation: You are partially covered in iridescent
                  | scales. (AC +2) [potion of mutation]
 52178 | Zot:5    | Gained mutation: You are somewhat resistant to further
                  | mutation. [potion of mutation]
 52318 | Zot:5    | Noticed a dread lich
 52321 | Zot:5    | Paralysed by a dread lich for 3 turns
 52337 | Zot:5    | Killed a dread lich
 52342 | Zot:5    | Lost mutation: Your flesh is very heat resistant. (rF++)
                  | [potion of mutation]
 52342 | Zot:5    | Lost mutation: You sometimes lose your temper in combat.
                  | [potion of mutation]
 52342 | Zot:5    | Lost mutation: You are somewhat resistant to further
                  | mutation. [potion of mutation]
 52342 | Zot:5    | Gained mutation: You expend magic power (3 MP) to
                  | strengthen your wands. [potion of mutation]
 52342 | Zot:5    | Gained mutation: Your muscles are strong. (Str +4, Int/Dex
                  | -1) [potion of mutation]
 52343 | Zot:5    | Lost mutation: You are dopey. (Int -2) [potion of mutation]
 52343 | Zot:5    | Lost mutation: Your spells are a little easier to cast, but
                  | a little less powerful. [potion of mutation]
 52343 | Zot:5    | Lost mutation: You expend magic power (3 MP) to strengthen
                  | your wands. [potion of mutation]
 52343 | Zot:5    | Gained mutation: You have a pair of large horns on your
                  | head. [potion of mutation]
 52343 | Zot:5    | Gained mutation: Your flesh is cold resistant. (rC+)
                  | [potion of mutation]
 52343 | Zot:5    | Gained mutation: You have a somewhat thin skeletal
                  | structure. (Dex +2, Stealth+) [potion of mutation]
 52344 | Zot:5    | Lost mutation: Potions are less effective at restoring your
                  | health. [potion of mutation]
 52344 | Zot:5    | Lost mutation: Armour fits poorly on your strangely shaped
                  | body. [potion of mutation]
 52344 | Zot:5    | Lost mutation: Your flesh is heat resistant. (rF+) [potion
                  | of mutation]
 52344 | Zot:5    | Gained mutation: You are agile. (Dex +4, Str/Int -1)
                  | [potion of mutation]
 52411 | Zot:5    | Noticed an ancient lich
 52429 | Zot:5    | Killed an ancient lich
 52712 | Zot:5    | Gained mutation: Your body sometimes deteriorates upon
                  | taking damage. [mutagenic glow]
 52722 | Zot:5    | Gained mutation: You do not regenerate when monsters are
                  | visible. [mutagenic glow]
 52736 | Zot:5    | Noticed an orb of fire
 52737 | Zot:5    | Gained mutation: You are frail. (-10% HP) [an orb of fire]
 52746 | Zot:5    | Noticed a dread lich
 52747 | Zot:5    | Got the Orb of Zot
 52752 | Zot:5    | Received a gift from Trog
 52759 | Zot:5    | Gained mutation: You occasionally shout uncontrollably at
                  | your foes. [an orb of fire]
 52764 | Zot:5    | Gained mutation: Armour fits poorly on your strangely
                  | shaped body. [an orb of fire]
 52764 | Zot:5    | Noticed a dread lich
 52987 | Zot:1    | HP: 5/220 [hellion/damnation (14)]
 53013 | Zot:1    | Noticed Gymiboq the pandemonium lord
 53043 | Depths:4 | Noticed Faedidgh the pandemonium lord
 53089 | Depths:4 | Noticed Raowecwi the pandemonium lord
 53281 | Depths:1 | Noticed Merup the pandemonium lord
 53311 | Depths:1 | Killed Merup the pandemonium lord
 53424 | D:11     | Noticed Loxza the pandemonium lord
 53465 | D:10     | Noticed Xeat the pandemonium lord
 53708 | D:$      | Escaped with the Orb!

Illustrated notes

Levels and vault maps discovered:
D:1:      scummos_arrival_simple_crosswalls, layout_basic, serial_bayou_lake_a
D:2:      layout_basic, hellmonk_ecumenical_altar_arch_garden,
          kennysheep_big_empty_room, uniq_jessica, uniq_sigmund
D:3:      layout_rooms, serial_undead, serial_undead_f, serial_undead_b,
          serial_undead_e, serial_undead_c, serial_undead_e
D:4:      layout_loops_ring, lemuel_tele_altar, minmay_shop_grid_forest,
          minmay_fractal_squares_gapless_5
D:5:      gammafunk_cloud_chamber, layout_basic, minmay_temple_entry_statues,
          minmay_circle_x
D:6:      layout_cave_pools, mainiacjoe_overflow_swirl,
          gammafunk_ghost_cemetery, serial_bayou, serial_bayou_shore_a,
          serial_bayou_shore_b, serial_bayou_ford_a, serial_bayou_pond_c,
          uniq_blork_the_orc, uniq_duvessa
D:7:      layout_layer_cave, mainiacjoe_overflow_small_starburst, enter_bailey_7
D:8:      layout_basic, grunt_decor_cap, minmay_fractal_squares_diagonal_5
D:9:      layout_rooms, okawaru_metal_pillars_3,
          mainiacjoe_overflow_surrounded_room,
          mainiacjoe_overflow_concentric_impassable,
          nicolae_dithmenos_the_darkroom, orc_0_dummy
D:10:     layout_loops_ring, nicolae_sif_muna_little_library,
          mainiacjoe_overflow_alcove_4, mainiacjoe_overflow_catwalk,
          lair_entry_dummy
D:11:     layout_cave_pods
D:12:     layout_roguey, argonaut_gorgonesque
D:13:     layout_cave_pools, lightli_vaults_fourway_checkpoint, uniq_lodul,
          uniq_jorgrun
D:14:     layout_basic, fiery_altar_vehumet
D:15:     hangedman_depths_entry_try_elsewhere_first, layout_irregular_city,
          kiku_gazebo_pond_becter, enter_trove_1, gammafunk_ghost_smash,
          bh_walls_and_bars, uniq_kirke
Lair:1:   wad_woods_minihive, layout_regular_city, grunt_megastairs_5
Lair:2:   layout_misc_corridors, minivault_23, st_stairs_13, minmay_holes,
          roderic_carrion_pond
Lair:3:   layout_chaotic_city, palyth_hydra_swamp_entry,
          hellmonk_spider_entry_not_the_bees, portal_ice_cave_entry_pillars_2,
          grunt_megastairs_2
Lair:4:   layout_cave_pods, special_room [special_room_mythical_zoo],
          grunt_megastairs_4, lemuel_fruit_tree
Lair:5:   gammafunk_lair_ancient_temple, layout_loops_ring,
          minmay_slime_entry_oklob_enclosed, gauntlet_entry_generic,
          serial_bayou_shore_b
Swamp:1:  layout_basic_swamp, ebering_ghost_rock_garden,
          nicolae_swamp_ascending_descending
Swamp:2:  layout_basic_swamp, basic_altar, uniq_roxanne
Swamp:3:  layout_falls_marsh, ebering_ghost_funeral_grove,
          evilmike_swamp_ruin_rubble_2, grunt_ruined_hall
Swamp:4:  swamp_pestilence, layout_basic_swamp
Spider:1: nicolae_spider_hilbert_zone_2 [nicolae_spider_hilbert_4_sides_1_open,
          nicolae_spider_hilbert_4_sides_1_open,
          nicolae_spider_hilbert_4_sides_1_open,
          nicolae_spider_hilbert_4_sides_1_open,
          nicolae_spider_hilbert_6_sides_1_open,
          nicolae_spider_hilbert_6_sides_1_open,
          nicolae_spider_hilbert_3_sides_1_open,
          nicolae_spider_hilbert_3_sides_1_open,
          nicolae_spider_hilbert_3_sides_1_open,
          nicolae_spider_hilbert_3_sides_1_open,
          nicolae_spider_hilbert_6_sides_1_open,
          nicolae_spider_hilbert_6_sides_1_open,
          nicolae_spider_hilbert_6_sides_1_open,
          nicolae_spider_hilbert_6_sides_1_open], drop_trap
Spider:2: layout_cave_pods
Spider:3: layout_spider_delve, ebering_ghost_disaster_area, uniq_arachne
Spider:4: spider_rune_water
Orc:1:    layout_caves, minmay_orc_keep
Orc:2:    st_orc_ogre_mass, layout_caves, basic_altar
Elf:1:    nicolae_elf_arrival_dilemma, layout_loops_corners, serial_shops, shop
Elf:2:    elven_hall_of_blades_hangedman_original [nicolae_blade_little_rooms],
          layout_loops_corners, evilmike_minifort
Elf:3:    minmay_elf_hall_curves, layout_geoelf_castle,
          nicolae_elf_loose_elemental_storage
Vaults:1: nicolae_vaults_windows_and_doors_thing, st_star, v_misc_1,
          hangedman_vaults_maws, grunt_vaults_diagonal, v_rooms_6,
          hangedman_vaults_capsules, hangedman_vaults_snaps,
          vaults_room_ringed_pool, nicolae_vaults_ring_of_whatevers,
          vaults_dpeg_hooks, ontoclasm_vaults_gateway, layout_vaults_omnicross,
          serial_shops, shop, nicolae_shop_window_shopping, shop
Vaults:2: grunt_vaults_focal, vaults_mumra_lcd, v_misc_3,
          grunt_vaults_hallway_short, v_pattern_2,
          minmay_crypt_entry_necro_gods, layout_vaults_omnigrid, serial_shops,
          shop, uniq_saint_roka
Vaults:3: ontoclasm_vaults_shuriken, v_misc_13, vaults_mumra_hexcomb,
          v_alt_pattern_4, hangedman_vaults_nails, v_rooms_5,
          ontoclasm_vaults_gallery, nicolae_vaults_mini_display_case,
          vaults_room_large_hall, layout_vaults_ring, serial_shops,
          bzr_entry_dummy, uniq_mara
Vaults:4: vaults_dpeg_doors, nicolae_vaults_little_squares_1,
          vaults_dpeg_encased_lava, nicolae_vaults_little_squares_5,
          hangedman_vaults_nails, v_misc_16,
          vaults_standard_mumra_enter_the_diamond, grunt_vaults_hallway_long,
          vaults_standard_mumra_x, nicolae_vaults_little_squares_5, v_misc_10,
          layout_vaults_big_room
Vaults:5: serial_shops
Depths:1: layout_forbidden_donut, enter_ziggurat_c, pan_entry, nicolae_titane,
          grunt_mini_vestibule, serial_rivers, chequers_serial_rivers_small_a,
          chequers_serial_rivers_large_b, chequers_serial_rivers_marsh,
          chequers_serial_rivers_small_3, chequers_serial_rivers_micro_d,
          chequers_serial_rivers_micro_d, drop_trap, grunt_ministairs_1,
          minmay_metal_thing, firewood_loft
Depths:2: kennysheep_six_static_rooms, layout_cave_pools, pan_entry,
          nicolae_elyvilon_temple_path, grunt_hell_entry_dis_old, serial_shops,
          nicolae_shop_hallway_plus, serial_bayou_pond_c,
          nicolae_elevator_lobby_plus
Depths:3: minmay_crescents, layout_basic, abyss_entry, hell_entry,
          minmay_shoptagon, uniq_xtahua, uniq_frederick
Depths:4: grunt_zot_entry_gee_three, layout_cave_shapes,
          hangedman_abyss_or_decor_stabs, hell_entry, abyss_entry, special_room
          [special_room_jelly], lemuel_flame_loot_1
Zot:1:    layout_onion_interference, grunt_ministairs_1
Zot:2:    layout_cellular_growth, uniq_tiamat
Zot:3:    grunt_deathspiral_small, layout_onion_interference, uniq_grunn
Zot:4:    kennysheep_blocky_room, layout_cellular_growth
Zot:5:    layout_misc_corridors, st_stairs_2, skrybe_zot_glass_1

Skill      XL: |  1  2  3  4  5  6  7  8  9 10 11 12 13 14 15 16 17 18 19 20 21 22 23 24 25 26 |
---------------+-------------------------------------------------------------------------------+-----
Axes           | 3 4 6 7 9 11 14 15 16 19 21 22 23 24 25 26 27 | 27.0
Fighting       | 4 5 6 7 8 10 11 12 14 16 17 18 19 20 21 22 23 24 25 26 | 26.1
Armour         | 11 13 14 16 17 18 19 20 21 22 24 25 | 25.4
Dodging        | 2 6 9 11 12 13 14 15 16 17 18 20 21 | 21.8
Stealth        | 4 7 8 9 10 11 12 | 12.8
Shields        | 6 8 10 11 13 16 18 20 | 20.1
Evocations     | 5 9 |  9.0
Spellcasting   | |  0.2

Action                   |  1- 3 |  4- 6 |  7- 9 | 10-12 | 13-15 | 16-18 | 19-21 | 22-24 | 25-27 || total
-------------------------+-------+-------+-------+-------+-------+-------+-------+-------+-------++-------
Melee: War axe           |    61 |    60 |   215 |   482 |   277 |   621 |  1387 |  1254 |  1348 ||  5705
       Headbutt          |     9 |     8 |    32 |    98 |   180 |   364 |   428 |   505 |   555 ||  2179
       Hand axe          |       |    24 |       |       |       |       |       |       |       ||    24
       Broad axe         |       |       |       |     5 |    38 |    79 |       |       |    33 ||   155
       Executioner's axe |       |       |       |       |   454 |   564 |       |       |       ||  1018
       Punch             |       |       |       |       |     1 |       |       |       |       ||     1
Invok: Berserk           |       |     3 |     4 |     2 |     1 |       |       |       |       ||    10
       Trog's Hand       |       |       |     2 |       |     3 |    11 |     4 |     6 |    14 ||    40
       Brothers in Arms  |       |       |       |       |       |     4 |     2 |     2 |     5 ||    13
Evoke: Wand              |       |       |     1 |     1 |       |       |       |     1 |       ||     3
  Use: Scroll            |       |       |    10 |    10 |    14 |    12 |    11 |     6 |    33 ||    96
       Potion            |       |       |     5 |     3 |     1 |     3 |    10 |     6 |    24 ||    52
 Stab: Confused          |       |       |       |       |       |     4 |       |       |       ||     4
       Distracted        |       |       |       |       |       |     2 |       |     4 |     7 ||    13
       Sleeping          |       |       |       |       |       |       |     5 |     2 |     2 ||     9
Armor: Scale mail        |    22 |    24 |       |   164 |   310 |       |       |       |       ||   520
       Chain mail        |       |     9 |    81 |   104 |       |    64 |   559 |       |       ||   817
       Plate armour      |       |       |       |       |   333 |  1153 |   265 |   595 |   627 ||  2973
       Gold dragon scale |       |       |       |       |       |       |       |       |    44 ||    44
Dodge: Dodged            |    25 |    50 |    48 |   162 |   380 |   807 |   740 |  1013 |  1271 ||  4496
       Repelled          |       |       |       |       |       |    12 |    31 |    40 |       ||    83
Block: Buckler           |    16 |    21 |    32 |   115 |    88 |   131 |       |       |       ||   403
       Kite shield       |       |       |       |       |       |   167 |   779 |   956 |  1387 ||  3289
       Reflection        |       |       |       |       |       |    13 |    66 |    38 |    22 ||   139
